 Dungeon Crawl Stone Soup version 0.17-a0-1667-g4ca74a1 (webtiles) character file.

312536 nubinia the Devastator (level 21, -6/111 HPs)
             Began as a Gargoyle Fire Elementalist on Aug 14, 2015.
             Was the Champion of Sif Muna.
             Mangled by a stone giant (38 damage)
             ... on level 1 of the Vaults on Aug 17, 2015.
             The game lasted 09:27:07 (60622 turns).

nubinia the Devastator (GrFE)                      Turns: 60622, Time: 09:27:07

Health: -6/111     AC: 42    Str: 11    XL:     21   Next: 31%
Magic:  23/66      EV: 16    Int: 23    God:    Sif Muna [******]
Gold:   3849       SH:  7    Dex: 21    Spells: 16 memorised, 1 level left

rFire  + + .     SeeInvis +     a - +7 mace (protect)
rCold  + . .     Rnd*Rage +     G - +2 ring mail {rF+}
rNeg   + + +     SustAt   .     H - +1 buckler of Altruism {rElec rC+ rN+ rCorr}
rPois  ∞         Gourm    +     Q - +3 hat of Pondering {ponderous, MR+ MP+10 Int+5}
rElec  +         Spirit   .     R - +2 cloak {MR+}
rCorr  +         Warding  .     n - +1 pair of gloves of the Wheelwright {rF+ MR+ Int-3 Dex+2}
rMut   .         Stasis   .     D - +0 pair of boots
MR     ++++.                    g - amulet of the gourmand
Stlth  +++++.....               Z - ring of Xom's Amusement {rN+ MP+9 Stlth+}
                                C - ring "Kogalluj" {MP+9 Int-4 Dex+5 SInv}

@: sluggish, flying, delayed fireball, very slow, incredibly resistant to
hostile enchantments, quite stealthy
A: big wings, hooves 1, slimy green scales 1, camouflage 1, berserk 1, clever 1,
negative energy resistance 1, electricity resistance, unbreathing, petrification
resistance, rot immunity, AC +15
a: Stop Flying, Channel Energy, Forget Spell, Renounce Religion, Release Delayed
Fireball
}: 2/15 runes: barnacled, gossamer


You were on level 1 of the Vaults.
You worshipped Sif Muna.
Sif Muna was exalted by your worship.
You were very full.

You visited 8 branches of the dungeon, and saw 39 of its levels.
You visited 1 bazaar.
You also visited: Labyrinth, Bailey, Ice Cave and Volcano.

You collected 5181 gold pieces.
You spent 1332 gold pieces at shops.

Inventory:

Hand weapons
 a - a +7 mace of protection (weapon)
 b - the +7 demon whip of Defiance {elec, rC+ Stlth+}
   (You bought it in a shop on level 2 of the Elven Halls)

   Occasionally, upon striking a foe, it will discharge some electrical energy
   and cause terrible harm.
   It protects you from cold.
   It makes you more stealthy.
 l - the +4 dagger of the Queen {freeze, rElec rF+ rC++ Str-5}
   (You took it off a deep elf demonologist on level 3 of the Elven Halls)

   It has been specially enchanted to freeze those struck by it, causing extra
   injury to most foes and up to half again as much damage against particularly
   susceptible opponents.
   It can also slow down cold-blooded creatures.
   It affects your strength (-5).
   It protects you from fire.
   It greatly protects you from cold.
   It insulates you from electricity.
 X - the +9 battleaxe "Zoroiqeh" {venom, rN+ MP+9 Int+2}
   (You took it off a deep elf death mage on level 3 of the Elven Halls)

   It poisons the flesh of those it strikes.
   It affects your intelligence (+2).
   It protects you from negative energy.
   It affects your magic capacity (+9).
Armour
 n - the +1 pair of gloves of the Wheelwright (worn) {rF+ MR+ Int-3 Dex+2}
   (You found it in a bailey)

   It affects your intelligence (-3).
   It affects your dexterity (+2).
   It protects you from fire.
   It affects your resistance to hostile enchantments.
 D - a +0 pair of boots (worn)
 G - a +2 ring mail of fire resistance (worn)
 H - the +1 buckler of Altruism (worn) {rElec rC+ rN+ rCorr}
   (You acquired it on level 2 of the Spider Nest)

   It protects you from cold.
   It insulates you from electricity.
   It protects you from negative energy.
   It protects you from acid and corrosion.
 Q - the +3 hat of Pondering (worn) {ponderous, MR+ MP+10 Int+5}
   (You took it off Gastronok on level 8 of the Dungeon)

   It affects your intelligence (+5).
   It affects your resistance to hostile enchantments.
   It affects your magic capacity (+10).
 R - a +2 cloak of magic resistance (worn)
Jewellery
 g - an amulet of the gourmand (around neck)
 r - an uncursed amulet of clarity
 w - an uncursed ring of wizardry
 B - an uncursed amulet of regeneration
 C - the ring "Kogalluj" (left hand) {MP+9 Int-4 Dex+5 SInv}
   (You found it on level 4 of the Dungeon)

   [ring of magical power]

   It affects your intelligence (-4).
   It affects your dexterity (+5).
   It affects your magic capacity (+9).
   It lets you see invisible.
 L - an uncursed amulet of warding
 S - the ring "Vafipn" {rC+ MR+ Dex+8}
   (You found it on level 2 of the Elven Halls)

   [ring of protection from magic]

   It affects your dexterity (+8).
   It protects you from cold.
   It affects your resistance to hostile enchantments.
 T - the ring "Ehaptes" {+/*Tele rF++ Dex+4}
   (You took it off a deep elf demonologist on level 3 of the Elven Halls)

   [ring of teleportation]

   It may teleport you to nearby monsters, and can be evoked to randomly
   teleport.
   It affects your dexterity (+4).
   It greatly protects you from fire.
 Z - the ring of Xom's Amusement (right hand) {rN+ MP+9 Stlth+}
   (You found it in a labyrinth)

   [ring of stealth]

   It protects you from negative energy.
   It affects your magic capacity (+9).
   It makes you more stealthy.
Magical devices
 d - a wand of digging (7)
 k - a wand of fire (0)
 y - a wand of draining (6)
 F - a wand of teleportation (4)
 O - a wand of lightning (4)
Scrolls
 p - 3 scrolls of magic mapping
 x - 8 scrolls of recharging
 z - 19 scrolls of remove curse
 I - a scroll of summoning
 K - 5 scrolls of fear
 Y - a scroll of blinking
Potions
 i - 2 potions of resistance
 j - 10 potions of curing
 m - 3 potions of heal wounds
 A - 2 potions of invisibility
 J - 5 potions of haste
 M - 3 potions of agility
 W - 3 potions of magic
Miscellaneous
 e - a sack of spiders
 o - a lamp of fire (inert)
 E - a stone of tremors (inert)
 P - a phantom mirror
 U - a phial of floods (inert)
Comestibles
 V - 16 beef jerkies


   Skills:
 + Level 5.4 Fighting
   Level 0.3 Long Blades
 + Level 5.3 Maces & Flails
 + Level 11.3 Armour
 - Level 7.0 Dodging
 + Level 5.6 Stealth
 + Level 5.3 Shields
 + Level 13.9 Spellcasting
 * Level 19.3 Conjurations
 + Level 1.3 Hexes
 * Level 9.3 Charms
 + Level 1.0 Necromancy
 * Level 6.5 Translocations
 + Level 1.9 Transmutations
 * Level 17.0 Fire Magic
 * Level 4.5 Air Magic
 + Level 12.8 Earth Magic
 - Level 5.0 Invocations
 + Level 1.0 Evocations


You had one spell level left.
You knew the following spells:

 Your Spells              Type           Power        Failure   Level  Hunger
a - Flame Tongue          Conj/Fire      #####        0%          1    None
b - Throw Flame           Conj/Fire      ######       0%          2    None
c - Mephitic Cloud        Conj/Pois/Air  ######..     1%          3    None
d - Sticky Flame          Conj/Fire      #######.     1%          4    None
e - Delayed Fireball      Conj/Fire      N/A          3%          7    ######.
f - Fireball              Conj/Fire      #######...   1%          5    ###....
g - Shroud of Golubria    Chrm/Tloc      ######....   1%          2    None
h - Dazzling Spray        Conj/Hex       ######..     1%          3    None
i - Iskenderun's Battles  Conj/Chrm      ######..     1%          5    ###....
j - Apportation           Tloc           #####.....   1%          1    None
k - Passwall              Trmt/Erth      #####.....   1%          3    None
l - Deflect Missiles      Chrm/Air       #####.....   77%         6    #####..
m - Swiftness             Chrm/Air       #####...     1%          2    None
s - Stoneskin             Trmt/Erth      #####...     1%          2    None
F - Force Lance           Conj/Tloc      ######..     1%          4    None
S - Animate Skeleton      Necr           N/A          8%          1    None


Dungeon Overview and Level Annotations

Branches:
Dungeon (14/15)            Temple (1/1) D:5            Lair (8/8) D:11
 Shoals (4/4) Lair:4       Spider (4/4) Lair:5        Slime (0/6) Lair:8
    Orc (4/4) D:10            Elf (3/3) Orc:3        Vaults (1/5) D:13

Altars:
Ashenzari
Cheibriados
Dithmenos
Elyvilon
Fedhas
Gozag
Kikubaaqudgha
Makhleb
Nemelex Xobeh
Okawaru
Qazlal
Ru
Sif Muna
Trog
Vehumet
Xom
Yredelemnul
Zin
The Shining One
Beogh
Jiyva

Shops:
D:9 [   Orc:1 !   Orc:4 ([*:   Elf:1 =   Elf:2 ((*?   Elf:3 }   Shoals:4 }


Innate Abilities, Weirdness & Mutations

You are resistant to torment.
Your stone body is resilient (AC +15).
You are immune to poison.
Your large and strong wings let you fly indefinitely.
You resist negative energy.
You are resistant to electric shocks.
You can survive without breathing.
You are immune to petrification.
You are immune to rotting.
You have large cloven feet.
You are partially covered in slimy green scales (AC +2).
Your skin changes colour to match your surroundings (Stealth).
You tend to lose your temper in combat.
Your mind is acute. (Int +2)


Message History

A cyclops comes into view.
Casting: Sticky Flame
Confirm with . or Enter, or press ? or * to list all spells.
Aiming: Force Lance
Press: ? - help, Shift-Dir - straight line, f/p - stone giant
Aim: a stone giant (lightly wounded, unusually strong, covered in liquid flames)
The lance of force hits the stone giant.
The stone giant is moderately wounded.
The stone giant burns!
The stone giant hits you!!!
* * * LOW HITPOINT WARNING * * *
Unknown command.
The stone giant burns!
The stone giant hits you!!
* * * LOW HITPOINT WARNING * * *
The stone giant burns! x2
The stone giant hits you but does no damage.
You start to feel a little faster.
The stone giant burns!
The stone giant stops burning.
Drink which item? (? for menu, Esc to quit)
You feel much better. The stone giant hits you!!!
You die...

#[......................
#...)(.)................
#....).!......p.........
#..).(.T...C............
+...).)%...p....).......
#####'##########'####'##
### ##T####### #......#
#....#..C#....# #......#
#.().@#.∩.# #......#
###'####.(# #......#
..... ##.# #......#
#.#...#.#.## #......# #
.#.#..#..## #......#
...#...'...#
#..#.#..#.(## ## #.
...#.#.## #p# ... . ##.#


You could see a stone giant and a deep troll.

Vanquished Creatures
  Nikola (Shoals:1)
  Rupert (Lair:7)
  An acid blob (Lair:8)
  2 deep elf master archers (Elf:3)
  3 deep elf blademasters (Elf:2)
  An octopode crusher (Shoals:2)
  A kraken (Shoals:4)
  A sphinx (Vaults:1)
  Gastronok (D:8)
  The ghost of Grimur the Warrior, a mighty MiBe of Trog (Spider:1)
  Kirke (Elf:1)
  Roxanne (Shoals:1)
  Ilsuiw (Shoals:4)
  The ghost of zkyp the Alchemist, a mighty DrTm of Ru (Elf:3)
  9 deep elf sorcerers
  6 ghost moths
  An azure jelly (shapeshifter) (Elf:2)
  Aizul (Vaults:1)
  Louise (Shoals:1)
  9 emperor scorpions
  An orc warlord (Orc:4)
  An ironheart preserver (Vaults:1)
  Nessos (D:12)
  9 deep elf annihilators (Elf:3)
  8 deep elf demonologists
  Azrael (Spider:2)
  The ghost of db47h the Blocker, a powerful MiFi of Okawaru (Lair:3)
  6 deep elf death magi (Elf:3)
  4 merfolk javelineers
  2 vault guards (D:13)
  6 merfolk impalers
  A minotaur (Lab)
  A yaktaur captain (Vaults:1)
  Josephine (Shoals:1)
  2 entropy weavers (Spider:3)
  2 deep elf high priests (Elf:3)
  Fannar (Lair:3)
  11 hydras
  2 centaur warriors
  7 merfolk avatars
  4 satyrs
  An alligator snapping turtle (Shoals:4)
  14 dancing weapons (Elf:2)
  7 merfolk aquamancers (Shoals:4)
  A tengu warrior (D:14)
  An orc high priest (Orc:4)
  Urug (Lair:1)
  15 death yaks
  24 deep elf knights
  8 unseen horrors
  12 sea snakes
  3 hill giants
  An ice statue (IceCv)
  5 orc sorcerers
  14 deep elf summoners
  20 harpies
  An ironbrand convoker (Vaults:1)
  A necromancer (D:13)
  30 wolf spiders
  17 deep elf conjurers
  17 orb spiders
  A lindwurm (Lair:8)
  The ghost of bohran the Geomancer, an experienced GrEE (D:6)
  9 griffons
  A wolf spider zombie (D:14)
  6 orc knights
  An oklob plant (Lair:8)
  8 water nymphs
  A wizard (D:13)
  7 hornets
  27 elephants
  2 moths of wrath
  2 ugly things (Vaults:1)
  13 fauns
  3 cyclopes
  8 manticores
  8 sirens
  Joseph (Lair:1)
  3 vault sentinels (Vaults:1)
  3 torpor snails
  8 black mambas
  15 spiny frogs
  18 komodo dragons
  11 deep elf priests
  10 demonic crawlers
  4 yaktaurs
  A tengu conjurer (D:13)
  A wind drake (Shoals:1)
  6 two-headed ogres
  9 fire drakes
  30 merfolk
  6 trolls
  3 snapping turtles
  2 raiju (Lair:8)
  29 jumping spiders
  Grinder (D:6)
  5 slime creatures
  22 polar bears
  5 boulder beetles
  24 trapdoor spiders
  24 blink frogs
  A frost giant simulacrum (Vaults:1)
  28 tarantellas
  2 shadows (D:13)
  36 redbacks
  5 water elementals
  7 wyverns
  28 deep elf magi
  46 yaks
  2 fire bats (Volcano)
  20 humans
  A human (shapeshifter) (Elf:3)
  13 hippogriffs
  2 mottled dragons
  4 wraiths (Shoals:1)
  A steam dragon (D:9)
  4 fire elementals (Spider:2)
  2 hogs (Elf:1)
  10 basilisks
  10 water moccasins
  4 vampire mosquitoes (D:13)
  12 wargs
  28 deep elf fighters
  9 hell hounds
  6 hungry ghosts
  37 wolves
  29 spiders
  Duvessa (D:6)
  46 orc warriors
  15 black bears
  A soldier ant (D:14)
  6 porcupines
  3 phantoms
  2 wasps
  16 ogres
  4 ice beasts
  3 sky beasts
  2 necrophages
  21 crocodiles
  A big kobold (D:12)
  15 centaurs
  19 giant frogs
  4 brain worms (Spider:3)
  A wyvern zombie (D:7)
  Dowan (D:6)
  11 wights
  13 killer bees
  A troll zombie (D:10)
  2 scorpions
  An electric eel (Lair:4)
  5 crimson imps
  A centaur zombie (D:5)
  3 giant frog zombies
  A wasp zombie (D:7)
  28 orc priests
  A quasit (D:5)
  2 jellies
  Crazy Yiuf (D:6)
  3 centaur skeletons
  A gnoll shaman (D:8)
  17 hounds
  8 iguanas
  2 giant frog skeletons (D:8)
  Natasha (thrice) (D:4)
  5 hell rats (Lair:8)
  10 worker ants
  52 orc wizards
  40 sheep
  5 ogre zombies (D:10)
  4 hound zombies
  2 hound skeletons
  A worker ant zombie (D:11)
  Robin (D:3)
  5 gnolls
  A shadow imp (D:10)
  71 river rats
  7 adders
  12 white imps (Lair:8)
  4 worms
  An adder skeleton (D:7)
  9 giant geckos
  192 orcs
  2 ball pythons
  8 giant cockroaches
  15 goblins
  9 hobgoblins
  14 jackals
  6 quokkas
  14 bats
  A giant gecko skeleton (D:8)
  5 giant newts
  A hobgoblin skeleton (D:10)
  4 hobgoblin zombies (D:10)
  A jackal skeleton (D:4)
  17 kobolds
  4 orc skeletons (D:10)
  10 orc zombies (D:10)
  2 quokka skeletons
  15 rats
  A bush (Lair:8)
  6 fungi
  4 plants
  3 tentacles (Shoals:4)
1824 creatures vanquished.

Vanquished Creatures (collateral kills)
  An ironheart preserver (Vaults:1)
  A yaktaur captain (D:13)
  2 ogre magi (Vaults:1)
  An orb spider (Spider:4)
  A hill giant (D:14)
  An ugly thing (Vaults:1)
  A wolf spider (Vaults:1)
  2 two-headed ogres (Vaults:1)
  2 slime creatures (Vaults:1)
  A fire elemental (Spider:2)
  A wyvern (D:14)
  A killer bee (D:13)
  An orc (D:14)
16 creatures vanquished.

Vanquished Creatures (others)
  The ghost of Urgaas the Fighter, a powerful DrBe of Trog (IceCv)
  2 deep elf knights (Elf:2)
  An unseen horror (Elf:2)
  A polar bear (IceCv)
  A jumping spider (Spider:4)
  A redback (Spider:3)
  3 yaks (IceCv)
  2 deep elf magi (Elf:2)
  A deep elf fighter (Elf:2)
  4 humans
  4 wolves
  A centaur (D:13)
  2 bushes (Lair:8)
  107 fungi
  53 plants
  2 tentacles (Shoals:4)
  964 tentacle segments (Shoals:4)
1150 creatures vanquished.

Grand Total: 2990 creatures vanquished

Notes
Turn   | Place    | Note
--------------------------------------------------------------
     0 | D:1      | nubinia the Gargoyle Fire Elementalist began the quest for the Orb.
     0 | D:1      | Reached XP level 1. HP: 10/10 MP: 3/3
   216 | D:1      | Reached XP level 2. HP: 12/15 MP: 1/5
   530 | D:1      | Learned a level 2 spell: Throw Flame
  1071 | D:2      | Reached XP level 3. HP: 19/19 MP: 0/6
  2401 | D:2      | Reached XP level 4. HP: 22/24 MP: 3/7
  2409 | D:2      | Learned a level 3 spell: Conjure Flame
  2763 | D:3      | Noticed a centaur
  2805 | D:3      | Killed a centaur
  2805 | D:3      | Reached skill level 1 in Fighting
  2805 | D:3      | Reached XP level 5. HP: 5/29 MP: 0/9
  3512 | D:3      | Noticed Robin
  3734 | D:3      | Killed Robin
  4239 | D:4      | Reached skill level 1 in Armour
  4239 | D:4      | Reached XP level 6. HP: 11/34 MP: 0/10
  4461 | D:4      | Noticed an ogre
  4521 | D:4      | Noticed Natasha
  4531 | D:4      | Killed Natasha
  4978 | D:4      | Got a pitted tin ring
  4979 | D:4      | Identified the ring "Kogalluj" {MP+9 Int-4 Dex+5 SInv} (You found it on level 4 of the Dungeon)
  4984 | D:4      | Reached skill level 4 in Fire Magic
  5375 | D:4      | Killed an ogre
  5375 | D:4      | Reached XP level 7. HP: 19/38 MP: 12/12
  5519 | D:4      | Noticed Natasha
  5534 | D:4      | Killed Natasha
  5851 | D:4      | Noticed Natasha
  5854 | D:4      | Killed Natasha
  5947 | D:5      | Entered Level 5 of the Dungeon
  6008 | D:5      | Found an iron altar of Okawaru.
  6472 | D:5      | Found a staircase to the Ecumenical Temple.
  6489 | Temple   | Entered the Ecumenical Temple
  6498 | Temple   | Became a worshipper of Sif Muna the Loreminder
  6925 | D:5      | Reached skill level 5 in Fire Magic
  7070 | D:5      | Reached XP level 8. HP: 41/43 MP: 0/14
  7565 | D:6      | Noticed bohran's ghost (experienced GrEE)
  8176 | D:6      | Acquired Sif Muna's first power
  8333 | D:6      | Reached skill level 6 in Fire Magic
  8452 | D:6      | Noticed Grinder
  8463 | D:6      | Noticed Duvessa
  8488 | D:5      | Learned a level 4 spell: Sticky Flame
  8602 | D:6      | Reached skill level 5 in Conjurations
  8640 | D:6      | Noticed Dowan
  8787 | D:6      | Killed Grinder
  8787 | D:6      | Reached skill level 1 in Invocations
  8787 | D:6      | Reached XP level 9. HP: 26/47 MP: 4/15
  9196 | D:7      | Acquired Sif Muna's second power
  9400 | D:7      | Reached skill level 1 in Maces & Flails
  9400 | D:7      | Reached skill level 7 in Fire Magic
  9507 | D:7      | Reached skill level 5 in Spellcasting
  9815 | D:6      | Killed bohran's ghost
  9950 | D:6      | Killed Duvessa
  9982 | D:6      | Killed Dowan
 10094 | D:6      | Noticed Crazy Yiuf
 10105 | D:6      | Killed Crazy Yiuf
 10798 | D:8      | Reached skill level 8 in Fire Magic
 10862 | D:8      | Identified Sif Muna's Handbook of Floating Attacks (You found it on level 8 of the Dungeon)
 10865 | D:8      | Reached XP level 10. HP: 53/53 MP: 18/18
 10868 | D:8      | Learned a level 1 spell: Shock
 10891 | D:8      | Found a flagged portal.
 10898 | Bailey   | Entered a bailey
 11402 | Bailey   | Got a pair of heavily runed gloves
 11417 | Bailey   | Identified the +1 pair of gloves of the Wheelwright {rF+ MR+ Int-3 Dex+2} (You found it in a bailey)
 11974 | D:8      | Noticed Gastronok
 12011 | D:8      | Killed Gastronok
 12011 | D:8      | Acquired Sif Muna's third power
 12011 | D:8      | Reached skill level 9 in Fire Magic
 12223 | D:8      | Learned a level 5 spell: Fireball
 12632 | D:9      | Found a bloodstained altar of Trog.
 12760 | D:9      | Reached XP level 11. HP: 57/57 MP: 20/20
 12858 | D:9      | Learned a level 2 spell: Repel Missiles
 13227 | D:9      | Reached skill level 10 in Fire Magic
 13508 | D:9      | Found Homahat's Armour Boutique.
 13568 | D:10     | Entered Level 10 of the Dungeon
 14033 | D:10     | Found a deep blue altar of Sif Muna.
 14644 | D:10     | Reached skill level 10 in Conjurations
 14859 | D:10     | Noticed a seven-headed hydra
 14866 | D:10     | Found a staircase to the Orcish Mines.
 14880 | D:10     | Killed a seven-headed hydra
 15055 | D:10     | Reached skill level 5 in Dodging
 15334 | D:11     | Noticed an unseen horror
 15340 | D:11     | Killed an unseen horror
 15523 | D:11     | Noticed a hill giant
 15533 | D:11     | Killed a hill giant
 15533 | D:11     | Received a gift from Sif Muna
 15533 | D:11     | Reached XP level 12. HP: 64/64 MP: 23/23
 15534 | D:11     | Identified Lehudib's Grimoire of Attacks (Sif Muna gifted it to you on level 11 of the Dungeon)
 16032 | D:11     | Reached skill level 11 in Fire Magic
 16452 | D:11     | Found a staircase to the Lair.
 16583 | Lair:1   | Entered Level 1 of the Lair of Beasts
 16789 | Lair:1   | Noticed a five-headed hydra
 16800 | Lair:1   | Killed a five-headed hydra
 17055 | Lair:1   | Noticed Joseph
 17438 | Lair:1   | Noticed Urug
 17458 | Lair:1   | Killed Urug
 17458 | Lair:1   | Reached skill level 1 in Air Magic
 17738 | Lair:1   | Killed Joseph
 17802 | Lair:1   | Reached skill level 5 in Invocations
 18411 | Lair:2   | Received a gift from Sif Muna
 18416 | Lair:2   | Identified Sif Muna's Tome of the Harmful Blaze (Sif Muna gifted it to you on level 2 of the Lair of Beasts)
 18469 | Lair:1   | Learned a level 7 spell: Delayed Fireball
 18822 | Lair:2   | Reached skill level 12 in Fire Magic
 18933 | Lair:3   | Reached XP level 13. HP: 68/68 MP: 25/25
 19093 | Lair:3   | Noticed db47h's ghost (powerful MiFi)
 19185 | Lair:3   | Found a dark tunnel.
 19310 | Volcano  | Entered a volcano
 19995 | Lair:3   | Learned a level 5 spell: Bolt of Magma
 20229 | Lair:3   | Noticed Fannar
 20240 | Lair:3   | Killed Fannar
 20240 | Lair:3   | Reached skill level 1 in Earth Magic
 20726 | Lair:3   | Noticed a six-headed hydra
 20741 | Lair:3   | Killed a six-headed hydra
 21298 | Lair:2   | Found a shattered altar of Ashenzari.
 22856 | Lair:4   | Upgraded the game from 0.17-a0-1651-gae1a69f to 0.17-a0-1655-g88a8506
 22929 | Lair:4   | Received a gift from Sif Muna
 22930 | Lair:4   | Identified Sif Muna's Guide on Confrontation (Sif Muna gifted it to you on level 4 of the Lair of Beasts)
 22935 | Lair:4   | Learned a level 3 spell: Dazzling Spray
 23293 | Lair:4   | Found a staircase to the Shoals.
 23366 | Lair:5   | Reached skill level 13 in Conjurations
 23640 | Lair:4   | Reached skill level 1 in Shields
 24022 | Lair:5   | Found a hole to the Spider Nest.
 24028 | Lair:5   | Gained mutation: Your large and strong wings let you fly indefinitely. [Gargoyle growth]
 24028 | Lair:5   | Reached XP level 14. HP: 71/74 MP: 27/27
 24354 | Lair:5   | Reached skill level 5 in Earth Magic
 24480 | Lair:5   | Reached skill level 5 in Armour
 24903 | Lair:6   | Found a labyrinth entrance.
 24915 | Lab      | Entered a labyrinth
 25010 | Lab      | Got a flickering silver ring
 25025 | Lab      | Identified the ring of Xom's Amusement {rN+ MP+9 Stlth+} (You found it in a labyrinth)
 25040 | Lab      | Identified a +3 rod of the swarm (9/9) (You found it in a labyrinth)
 26055 | Lair:6   | Received a gift from Sif Muna
 26056 | Lair:6   | Identified Maityep's Collected Works on Confrontation (Sif Muna gifted it to you on level 6 of the Lair of Beasts)
 26541 | Lair:7   | Noticed Rupert
 26549 | Lair:7   | Killed Rupert
 27100 | Lair:8   | Entered Level 8 of the Lair of Beasts
 27210 | Lair:8   | Found a frozen archway.
 27217 | IceCv    | Entered an ice cave
 27327 | IceCv    | Killed Urgaas's ghost
 27991 | IceCv    | Reached skill level 14 in Conjurations
 28507 | IceCv    | Reached XP level 15. HP: 80/80 MP: 8/28
 28603 | IceCv    | Noticed a frost giant
 28699 | IceCv    | Reached skill level 10 in Spellcasting
 28781 | IceCv    | Got a crude trident
 28782 | IceCv    | Identified the +7 trident of Impermanence {freeze, rF+} (You found it in an ice cave)
 28867 | Lair:8   | Got an ancient buckler
 28975 | Lair:8   | Identified the +0 buckler of the Orb Guardian {rC+} (You found it on level 8 of the Lair of Beasts)
 29448 | Lair:8   | Received a gift from Sif Muna
 29458 | Lair:8   | Identified Xesil's Papyrus of Attacks and Bewitchment (Sif Muna gifted it to you on level 8 of the Lair of Beasts)
 29465 | Lair:8   | Learned a level 5 spell: Iskenderun's Battlesphere
 29589 | Lair:8   | Found a viscous altar of Jiyva.
 29590 | Lair:8   | Found a staircase to the Slime Pits.
 29938 | Lair:8   | Reached skill level 1 in Charms
 31065 | Lair:8   | Received a gift from Sif Muna
 31266 | Lair:8   | Noticed an acid blob
 31410 | Lair:8   | Killed an acid blob
 31410 | Lair:8   | Reached skill level 15 in Conjurations
 31410 | Lair:8   | Reached XP level 16. HP: 86/86 MP: 30/30
 31809 | Orc:1    | Entered Level 1 of the Orcish Mines
 32329 | Orc:1    | Found Juilaleu's Distillery.
 32434 | Orc:1    | Bought a potion of mutation for 37 gold pieces
 32463 | Orc:1    | Gained mutation: You tend to lose your temper in combat. [potion of mutation]
 32463 | Orc:1    | Gained mutation: Your body sometimes deteriorates upon taking damage. [potion of mutation]
 32463 | Orc:1    | Gained mutation: You have large cloven feet. [potion of mutation]
 32641 | Lair:3   | Lost mutation: You have large cloven feet. [potion of cure mutation]
 32641 | Lair:3   | Lost mutation: Your body sometimes deteriorates upon taking damage. [potion of cure mutation]
 34025 | Orc:2    | Reached skill level 5 in Stealth
 34210 | Orc:3    | Found a staircase to the Elven Halls.
 34495 | Orc:4    | Entered Level 4 of the Orcish Mines
 36210 | Orc:4    | Found a roughly hewn altar of Beogh.
 36358 | Orc:4    | Found Xeser's Antique Weapon Boutique.
 36365 | Orc:4    | Found Zeawev's Antique Armour Boutique.
 36683 | Orc:4    | Found Zimoesy's General Store.
 36698 | Orc:4    | Found Vil Qete's Book Boutique.
 36821 | Elf:1    | Entered Level 1 of the Elven Halls
 37438 | Elf:1    | Found Cuwar's Jewellery Boutique.
 37440 | Elf:1    | Noticed Kirke
 37460 | Elf:1    | Killed Kirke
 37460 | Elf:1    | Received a gift from Sif Muna
 37536 | Elf:1    | Identified Sif Muna's Almanac of Beguiling (Sif Muna gifted it to you on level 1 of the Elven Halls)
 37875 | Elf:1    | Reached skill level 10 in Earth Magic
 38183 | Elf:1    | Found a deep blue altar of Sif Muna.
 38500 | Lair:3   | Killed db47h's ghost
 38551 | Shoals:1 | Entered Level 1 of the Shoals
 38960 | Shoals:1 | Noticed Josephine
 38979 | Shoals:1 | Killed Josephine
 38986 | Shoals:1 | Reached skill level 15 in Fire Magic
 38987 | Shoals:1 | Noticed Louise
 39072 | Shoals:1 | Killed Louise
 39298 | Shoals:1 | Reached XP level 17. HP: 69/90 MP: 32/32
 39567 | Shoals:1 | Upgraded the game from 0.17-a0-1655-g88a8506 to 0.17-a0-1663-gb806841
 39592 | Shoals:1 | Noticed Nikola
 39595 | Shoals:1 | Noticed Roxanne
 39636 | Shoals:1 | Killed Nikola
 39636 | Shoals:1 | Reached skill level 16 in Conjurations
 40105 | Shoals:1 | Killed Roxanne
 40105 | Shoals:1 | Reached skill level 5 in Charms
 40115 | Shoals:1 | Identified Roxanne's Disquisition on Shifting Earth (You took it off Roxanne on level 1 of the Shoals)
 40131 | Shoals:1 | Learned a level 2 spell: Stoneskin
 40133 | Shoals:1 | Learned a level 1 spell: Sandblast
 40138 | Shoals:1 | Learned a level 3 spell: Passwall
 40361 | Shoals:2 | Received a gift from Sif Muna
 40362 | Shoals:2 | Identified Sif Muna's Compendium of Attacks (Sif Muna gifted it to you on level 2 of the Shoals)
 42639 | Shoals:4 | Entered Level 4 of the Shoals
 43075 | Shoals:4 | Received a gift from Sif Muna
 43084 | Shoals:4 | Identified Sif Muna's Tome of Clay and Battle Magic (Sif Muna gifted it to you on level 4 of the Shoals)
 43097 | Shoals:4 | Learned a level 4 spell: Force Lance
 43307 | Shoals:4 | Got a bound platinum ring
 43309 | Shoals:4 | Identified the cursed ring of Faddade {MR+ AC-2 Int+9} (You found it on level 4 of the Shoals)
 43471 | Shoals:4 | Found Qomuod's Gadget Emporium.
 43501 | Shoals:4 | Reached XP level 18. HP: 96/96 MP: 33/33
 44031 | Shoals:4 | Got a barnacled rune of Zot
 44120 | Shoals:4 | Reached skill level 17 in Conjurations
 44207 | Shoals:4 | Noticed Ilsuiw
 44226 | Shoals:4 | Killed Ilsuiw
 44579 | Shoals:4 | Reached skill level 10 in Armour
 44766 | Spider:1 | Entered Level 1 of the Spider Nest
 44778 | Spider:1 | Noticed Grimur's ghost (mighty MiBe)
 44859 | Spider:1 | Killed Grimur's ghost
 44859 | Spider:1 | Received a gift from Sif Muna
 44869 | Spider:1 | Identified Sif Muna's Catalogue of Blistering Battle Magic (Sif Muna gifted it to you on level 1 of the Spider Nest)
 45057 | Spider:1 | Learned a level 1 spell: Apportation
 45166 | Spider:1 | Reached skill level 5 in Fighting
 45583 | Spider:2 | Noticed Azrael
 45591 | Spider:2 | Reached skill level 5 in Maces & Flails
 45600 | Spider:2 | Reached skill level 1 in Translocations
 46165 | Spider:2 | Identified a scroll of acquirement
 46167 | Spider:2 | Got a heavily runed buckler
 46178 | Spider:2 | Identified the +1 buckler of Altruism {rElec rC+ rN+ rCorr} (You acquired it on level 2 of the Spider Nest)
 46345 | Spider:2 | Killed Azrael
 46561 | Spider:2 | Reached skill level 1 in Hexes
 48450 | Spider:3 | Received a gift from Sif Muna
 48457 | Spider:3 | Identified Sif Muna's Sophisticated Theurgy (Sif Muna gifted it to you on level 3 of the Spider Nest)
 48522 | Spider:3 | Reached XP level 19. HP: 84/100 MP: 14/35
 49379 | Spider:4 | Entered Level 4 of the Spider Nest
 50607 | Spider:4 | Reached skill level 18 in Conjurations
 51040 | Spider:4 | Received a gift from Sif Muna
 51041 | Spider:4 | Identified Sif Muna's Handbook of Confrontation (Sif Muna gifted it to you on level 4 of the Spider Nest)
 51047 | Spider:4 | Learned a level 4 spell: Iskenderun's Mystic Blast
 51159 | Spider:4 | Reached skill level 1 in Transmutations
 51229 | Spider:4 | Gained mutation: Your mind is acute. (Int +2) [mutagenic meat]
 51230 | Spider:4 | Gained mutation: You are partially covered in slimy green scales (AC +2). [mutagenic meat]
 51231 | Spider:4 | Gained mutation: You have large cloven feet. [mutagenic meat]
 51232 | Spider:4 | Gained mutation: Your skin changes colour to match your surroundings (Stealth). [mutagenic meat]
 51349 | Spider:4 | Reached skill level 1 in Evocations
 52043 | Spider:4 | Got a gossamer rune of Zot
 52483 | Elf:2    | Found Kaopparph's Antique Weapon Shoppe.
 52523 | Elf:2    | Found Doet's Magic Scroll Shop.
 52540 | Elf:2    | Found Hoitt's Assorted Antiques.
 52615 | Elf:2    | Found a flickering gateway to a bazaar.
 52633 | Bazaar   | Entered a bazaar
 52635 | Bazaar   | Found Fooner's Weapon Boutique.
 52639 | Bazaar   | Found Igonufoo's Jewellery Boutique.
 52639 | Bazaar   | Found Fanniann's General Store.
 52640 | Bazaar   | Found Taidefot's Magic Scroll Boutique.
 52655 | Bazaar   | Bought 2 scrolls of enchant weapon for 210 gold pieces
 52672 | Bazaar   | Bought a scroll of enchant armour for 105 gold pieces
 52677 | Bazaar   | Bought an uncursed amulet of guardian spirit for 300 gold pieces
 52917 | Elf:2    | Got an ancient dagger
 52918 | Elf:2    | Identified the +5 dagger "Cynat" {holy, rElec} (You found it on level 2 of the Elven Halls)
 52986 | Elf:2    | Found a huge runed gate.
 52986 | Elf:2    | Found a huge runed gate.
 52986 | Elf:2    | Found a huge runed gate.
 52986 | Elf:2    | Found a huge runed gate.
 52986 | Elf:2    | Found a huge runed gate.
 53096 | Elf:2    | Found Omikhlir's Antique Weapon Boutique.
 53144 | Elf:2    | Bought an encrusted demon whip for 680 gold pieces
 53144 | Elf:2    | Identified the +7 demon whip of Defiance {elec, rC+ Stlth+} (You bought it in a shop on level 2 of the Elven Halls)
 53207 | Elf:2    | Got a scintillating iron ring
 53208 | Elf:2    | Identified the ring "Vafipn" {rC+ MR+ Dex+8} (You found it on level 2 of the Elven Halls)
 53585 | Elf:2    | Received a gift from Sif Muna
 53586 | Elf:2    | Identified Sif Muna's Papyrus of Spatial Talismans (Sif Muna gifted it to you on level 2 of the Elven Halls)
 53605 | Elf:2    | Learned a level 2 spell: Shroud of Golubria
 53652 | Elf:2    | Reached XP level 20. HP: 104/106 MP: 36/36
 53977 | Elf:3    | Entered Level 3 of the Elven Halls
 54170 | Elf:3    | Reached skill level 5 in Translocations
 54218 | Elf:3    | Noticed zkyp's ghost (mighty DrTm)
 54812 | Elf:3    | Got a pair of smoking gloves
 54823 | Elf:3    | Identified the +1 pair of gloves of Peek-a-Boo {*Confuse rElec Dex+2} (You acquired it on level 3 of the Elven Halls)
 54850 | Elf:3    | Found Ulatwike's Gadget Boutique.
 55586 | Elf:3    | Received a gift from Sif Muna
 55591 | Elf:3    | Identified Sif Muna's Tome of Confrontation and Darkness (Sif Muna gifted it to you on level 3 of the Elven Halls)
 55717 | Elf:3    | Killed zkyp's ghost
 55897 | Elf:3    | Got a steaming short sword
 55898 | Elf:3    | Identified the cursed +3 short sword of Circular Logic {antimagic, rPois rC- rN++ Str+3} (You took it off a deep elf conjurer on level 3 of the Elven Halls)
 55956 | Elf:3    | Reached skill level 5 in Shields
 55967 | Elf:3    | Reached skill level 19 in Conjurations
 56377 | Elf:3    | Got an ichor-stained morningstar
 56378 | Elf:3    | Identified the +7 morningstar of Suicidal Tendencies {venom, rF+ MR- Str-4 Dex+4 SInv} (You took it off a deep elf high priest on level 3 of the Elven Halls)
 56394 | Elf:3    | Got a dazzling hand axe
 56395 | Elf:3    | Identified the +10 hand axe "Xol Idedwa" {chop, MR+ Dex-3 Stlth+} (You took it off a deep elf sorcerer on level 3 of the Elven Halls)
 56465 | Elf:3    | Got a faintly glowing copper ring
 56466 | Elf:3    | Identified the ring "Loidwiap" {rPois rC- AC+1 Str+10} (You took it off a deep elf sorcerer on level 3 of the Elven Halls)
 56480 | Elf:3    | Got a wavering wooden ring
 56481 | Elf:3    | Identified the ring "Ehaptes" {+/*Tele rF++ Dex+4} (You took it off a deep elf demonologist on level 3 of the Elven Halls)
 56482 | Elf:3    | Got a shimmering battleaxe
 56483 | Elf:3    | Identified the +9 battleaxe "Zoroiqeh" {venom, rN+ MP+9 Int+2} (You took it off a deep elf death mage on level 3 of the Elven Halls)
 56485 | Elf:3    | Got a smoking dagger
 56486 | Elf:3    | Identified the +4 dagger of the Queen {freeze, rElec rF+ rC++ Str-5} (You took it off a deep elf demonologist on level 3 of the Elven Halls)
 56652 | Elf:3    | Learned a level 1 spell: Animate Skeleton
 56677 | Elf:3    | Learned a level 3 spell: Mephitic Cloud
 57638 | D:12     | Noticed Nessos
 57652 | D:12     | Killed Nessos
 57660 | D:12     | Got a fine short sword
 57661 | D:12     | Identified the +6 short sword "Wecles" {venom, Str+3 Int+7} (You found it on level 12 of the Dungeon)
 57988 | Elf:3    | Learned a level 6 spell: Deflect Missiles
 58691 | D:13     | Reached XP level 21. HP: 110/110 MP: 5/38
 58818 | D:13     | Found a gate to the Vaults.
 58999 | D:13     | Received a gift from Sif Muna
 59000 | D:13     | Identified Fiucs's Disquisition on Fetching Enhancements (Sif Muna gifted it to you on level 13 of the Dungeon)
 59008 | D:13     | Learned a level 2 spell: Swiftness
 59572 | D:14     | Upgraded the game from 0.17-a0-1663-gb806841 to 0.17-a0-1667-g4ca74a1
 60129 | Vaults:1 | Entered Level 1 of the Vaults
 60364 | Vaults:1 | Got a pitted ring mail
 60365 | Vaults:1 | Identified the cursed +1 ring mail "Loemaac" {rF+ rN+ Str-4 Dex+3} (You found it on level 1 of the Vaults)
 60386 | Vaults:1 | Noticed Aizul
 60410 | Vaults:1 | Killed Aizul
 60558 | Vaults:1 | Your ally Aizul died
 60566 | Vaults:1 | Reached skill level 1 in Necromancy
 60619 | Vaults:1 | HP: 1/111 [stone giant (26)]
 60622 | Vaults:1 | Mangled by a stone giant

Vault maps used:
D:1:      shiori_arrival_oz
D:2:      lemuel_upstairs_altar, minmay_misc_feat_chi
D:3:      uniq_robin
D:4:      serial_co_window_serial, co_window_corner_a,
          co_window_of_opportunity_a, co_window_paths_b, co_window_paths_b,
          co_window_paths_a, co_window_paths_a, co_window_cross_1,
          co_window_paths_b, co_window_corner_a, co_window_corner_b,
          co_window_of_opportunity_b, co_window_corner_b, co_window_corner_b,
          co_window_unsneaky_path_d, co_window_4corner_b, co_window_4corner_a,
          uniq_natasha
D:5:      temple_hall, first_bread, basic_altar
D:6:      uniq_crazy_yiuf_cottage, uniq_grinder, uniq_duvessa
D:8:      enter_bailey_3, grunt_pizzeria, serial_bayou_lagoon_a,
          due_unseen_surprise, uniq_gastronok
D:9:      trog_ov_bears_minmay, serial_shops, nicolae_shop_window_shopping
D:10:     zombieorc1_lemuel, basic_altar
D:11:     grunt_lair_entry_elf_guard_hut
D:12:     uniq_nessos
D:13:     grunt_vaults_entry_tiered
Temple:   nicolae_temple_no_exploring_needed
Lair:1:   uniq_urug, uniq_joseph
Lair:2:   basic_altar
Lair:3:   enter_volcano_3, beast_lair_carwin_11, uniq_fannar
Lair:4:   elwin_shoals_entry_rooms, minmay_holes, infiniplex_staircase_pool_2
Lair:5:   spider_nest_entry_rubble, special_room, grunt_megastairs_4
Lair:6:   lab_entry_generic
Lair:7:   grunt_megastairs_3, serial_bayou_shore_b, uniq_rupert
Lair:8:   hangedman_lair_in_review, hangedman_lair_caniforms_friends,
          slime_altar_1, portal_ice_cave_entry_imps
Shoals:1: uniq_nikola, uniq_roxanne, uniq_josephine, uniq_louise
Shoals:2: hangedman_shoal_octodias
Shoals:3: nicolae_shoals_seven_spires
Shoals:4: serial_shops, shop, shoals_end_simple, shoals_ilsuiw_alternative,
          nicolae_shoals_loop_pool
Spider:2: uniq_azrael
Spider:3: hangedman_stitches_earthworm
Spider:4: grunt_spider_rune_circles, nicolae_orb_island
Orc:1:    minmay_goldmine, serial_shops, shop
Orc:3:    nicolae_orc_pool_cavern, mines_bat_river
Orc:4:    grunt_orc_cross, guppyfry_library_mini
Elf:1:    serial_shops, shop, hangedman_elf_represent,
          hangedman_decor_cross_pass, uniq_kirke
Elf:2:    serial_shops, bzr_firewalk, shop, shop_scrolls, shop,
          nicolae_shop_waterfront, due_unseen_surprise
Elf:3:    grunt_elf_hall_branching, serial_shops, shop_statue, st_stairs_4
Vaults:1: hangedman_vaults_nails, v_misc_27, nicolae_vaults_triangles,
          vaults_mumra_hex, grunt_vaults_twisty,
          nicolae_vaults_little_squares_3, grunt_vaults_focal,
          hangedman_vaults_trim, hangedman_vaults_stretched_pinwheel,
          nicolae_vaults_shelves_hall, vaults_room_pool, uniq_aizul
Lab:      labyrinth_hidden_loot, nicolae_lab_grate
Bazaar:   bazaar_minmay_cross
Bailey:   bailey_polearm_1, bailey
IceCv:    ice_cave_caverns_02
Volcano:  volcano_pools

Action                   |  1- 3 |  4- 6 |  7- 9 | 10-12 | 13-15 | 16-18 | 19-21 || total
-------------------------+-------+-------+-------+-------+-------+-------+-------++-------
Melee: Hand axe          |    10 |       |       |       |       |       |       ||    10
       Club              |    18 |       |       |       |       |       |       ||    18
       Whip              |    17 |    54 |    40 |       |       |       |       ||   111
       Flail             |       |       |    40 |   238 |    52 |       |       ||   330
       Long sword        |       |       |       |     2 |    68 |       |       ||    70
       Morningstar       |       |       |       |       |   390 |   141 |       ||   531
       Mace              |       |       |       |       |       |   286 |   342 ||   628
 Cast: Flame Tongue      |    57 |    87 |   206 |   476 |   380 |   244 |   137 ||  1587
       Throw Flame       |     1 |     5 |    99 |   120 |   221 |   411 |   239 ||  1096
       Conjure Flame     |       |     1 |       |    20 |     9 |       |       ||    30
       Sticky Flame      |       |       |    11 |    75 |   176 |   156 |   116 ||   534
       Repel Missiles    |       |       |       |     4 |     1 |    10 |       ||    15
       Shock             |       |       |       |    37 |    60 |    15 |       ||   112
       Fireball          |       |       |       |    20 |    90 |   153 |   102 ||   365
       Delayed Fireball  |       |       |       |     1 |     3 |     9 |     2 ||    15
       Dazzling Spray    |       |       |       |       |    23 |    54 |    35 ||   112
       Bolt of Magma     |       |       |       |       |    51 |    66 |    25 ||   142
       Iskenderun's Batt |       |       |       |       |    34 |   214 |   147 ||   395
       Stoneskin         |       |       |       |       |       |    46 |    66 ||   112
       Force Lance       |       |       |       |       |       |    50 |   202 ||   252
       Shroud of Golubri |       |       |       |       |       |       |    37 ||    37
       Iskenderun's Myst |       |       |       |       |       |       |     1 ||     1
       Animate Skeleton  |       |       |       |       |       |       |    42 ||    42
       Deflect Missiles  |       |       |       |       |       |       |     2 ||     2
       Passwall          |       |       |       |       |       |       |     1 ||     1
       Mephitic Cloud    |       |       |       |       |       |       |    12 ||    12
       Swiftness         |       |       |       |       |       |       |     2 ||     2
Invok: Channel Energy    |       |       |    35 |    92 |   394 |   403 |   460 ||  1384
       Forget Spell      |       |       |       |       |       |       |     1 ||     1
 Abil: Release Delayed F |       |       |       |       |     4 |     8 |     2 ||    14
       Fly               |       |       |       |       |     1 |     1 |       ||     2
       Stop Flying       |       |       |       |       |       |     1 |       ||     1
Evoke: Wand              |       |       |       |     3 |     5 |     9 |     9 ||    26
       Lamp of fire      |       |       |       |       |       |     1 |     2 ||     3
       Stone of tremors  |       |       |       |       |       |     1 |     1 ||     2
       Phial of floods   |       |       |       |       |       |     1 |     1 ||     2
  Use: Scroll            |     5 |     2 |    10 |     7 |    14 |    13 |    26 ||    77
       Potion            |     1 |     4 |     2 |     6 |     2 |     3 |     5 ||    23
 Stab: Sleeping          |     8 |     2 |     1 |     7 |     7 |     3 |     9 ||    37
       Invisible         |       |       |       |       |     1 |     3 |     6 ||    10
       Distracted        |       |       |       |       |       |       |     4 ||     4
       Confused          |       |       |       |       |       |       |     2 ||     2
  Eat: Chunk             |     6 |     8 |    26 |    52 |   142 |   174 |   139 ||   547
       Royal jelly       |       |     1 |     1 |       |     2 |       |     1 ||     5
       Beef jerky        |       |       |       |     2 |       |     6 |     3 ||    11
       Pizza             |       |       |       |     1 |       |       |       ||     1
       Fruit             |       |       |       |       |     4 |     1 |       ||     5
       Meat ration       |       |       |       |       |       |     2 |     2 ||     4
       Bread ration      |       |       |       |       |       |     2 |     2 ||     4
